 Dungeon Crawl Stone Soup version 0.23.2 (webtiles) character file.

Game seed: 18145623039172008542

116 Kairos the Poker (level 5, -1/39 HPs)
             Began as a Merfolk Gladiator on Apr 2, 2019.
             Killed from afar by Sigmund (7 damage)
             ... with a puff of flame
             ... on level 2 of the Dungeon.
             The game lasted 00:02:51 (2355 turns).

Kairos the Poker (Merfolk Gladiator)                Turns: 2355, Time: 00:02:52

Health: -1/39      AC:  7    Str: 15    XL:     5   Next: 1%
Magic:  5/5        EV: 13    Int:  7    God:
Gold:   172        SH:  0    Dex: 16    Spells: 4/4 levels left

rFire    . . .     SeeInvis .   a - +0 trident
rCold    . . .     Gourm    .   (no shield)
rNeg     . . .     Faith    .   l - +1 ring mail
rPois    .         Spirit   .   c - +0 helmet
rElec    .         Reflect  .   (no cloak)
rCorr    .         Harm     .   (no gloves)
MR       .....                  (no boots)
Stlth    ..........             (no amulet)
HPRegen  0.13/turn              (no ring)
MPRegen  0.09/turn              (no ring)

@: confused, flying
A: change form in water, swift swim, stealthy swim
a: no special abilities


You were on level 2 of the Dungeon.
You were not hungry.

You visited 1 branch of the dungeon, and saw 2 of its levels.

You collected 172 gold pieces.

Inventory:

Hand Weapons
 a - a +0 trident (weapon)
Missiles
 d - 3 throwing nets (quivered)
Armour
 b - a +0 leather armour
 c - a +0 helmet (worn)
 l - a +1 ring mail (worn)
Scrolls
 e - a scroll of fear
 i - a scroll of fog {unknown}
 j - a scroll of amnesia {unknown}
 k - a scroll of blinking {unknown}
Potions
 g - a potion of magic
 m - a potion of might {unknown}
Comestibles
 f - 3 rations


   Skills:
 + Level 2.7 Fighting
 + Level 6.3 Polearms
 + Level 2.1 Throwing
 + Level 0.8 Armour
 + Level 5.0 Dodging
 + Level 0.4 Stealth


You had 4 spell levels left.
You didn't know any spells.
Your spell library was empty.

Dungeon Overview and Level Annotations

Branches:
Dungeon (2/15)

Altars:
Cheibriados
Kikubaaqudgha
Nemelex Xobeh

Annotations:
D:2 Sigmund


Message History

You are too injured to fight recklessly!
Sigmund gestures wildly while chanting.
Sigmund flickers and vanishes!
Deactivating autopickup; reactivate with Ctrl-A.
You are confused.
You bump into the rock wall.
You are more confused.
You bump into the rock wall.
You're too confused!
Unknown command.
It was a potion of flight.
You feel very buoyant.
You fly up into the air.
Something barely misses you.
You bump into the rock wall.
Something hits you.
* * * LOW HITPOINT WARNING * * *
You bump into the rock wall.
You bump into the rock wall.
A puff of flame appears from out of thin air!
The puff of flame hits you!
You die...

### ##.## ####.#.##
#...###.#####
#.##@#......####
####.###.###.#....#
#......### #...##.#
#.##.#.# ######.# #
##.#.# #.# # #..#.#
#.# #.#.##.#
#.###### #.....(#
#......# #...)(.#
#######.#


There were no monsters in sight!

Vanquished Creatures
  Natasha (thrice) (D:2 D:1)
  An adder (D:2)
  3 bats
  3 giant cockroaches
  2 goblins (D:1)
  3 hobgoblins (D:1)
  4 jackals (D:2)
  7 kobolds
  A quokka (D:2)
  2 frilled lizards (D:2)
  6 rats
35 creatures vanquished.

Notes
Turn   | Place    | Note
-------+----------+-------------------------------------------
     0 | D:1      | Kairos the Merfolk Gladiator began the quest for the Orb.
     0 | D:1      | Reached XP level 1. HP: 16/16 MP: 1/1
   138 | D:1      | Reached XP level 2. HP: 21/22 MP: 2/2
   530 | D:2      | Noticed Natasha
   542 | D:2      | Reached skill level 5 in Polearms
   542 | D:2      | Reached XP level 3. HP: 11/28 MP: 3/3
   562 | D:2      | HP: 2/42 [Natasha (5)]
   564 | D:2      | Killed Natasha
  1101 | D:2      | Noticed Natasha
  1115 | D:2      | Killed Natasha
  1115 | D:2      | Reached skill level 6 in Polearms
  1115 | D:2      | Reached XP level 4. HP: 18/34 MP: 4/4
  1161 | D:2      | Noticed Sigmund
  1167 | D:2      | HP: 1/34 [Sigmund/puff of flame (12)]
  1666 | D:2      | Noticed Natasha
  1678 | D:1      | Killed Natasha
  1678 | D:1      | Reached skill level 5 in Dodging
  2041 | D:2      | Found a sparkling altar of Nemelex Xobeh.
  2201 | D:2      | Found an ancient bone altar of Kikubaaqudgha.
  2211 | D:2      | Reached XP level 5. HP: 37/39 MP: 5/5
  2226 | D:2      | Found a snail-covered altar of Cheibriados.
  2355 | D:2      | Killed from afar by Sigmund

Skill      XL: |  1  2  3  4 |
---------------+-------------+-----
Polearms       | 5 6 |  6.3
Dodging        | 5 |  5.0
Fighting       | |  2.7
Throwing       | |  2.1
Armour         | |  0.8
Stealth        | |  0.4

Action                   |  1- 3 |  4- 6 || total
-------------------------+-------+-------++-------
Melee: Trident           |    70 |    63 ||   133
  Use: Potion            |     1 |     1 ||     2
       Scroll            |       |     5 ||     5
 Stab: Sleeping          |     1 |       ||     1
  Eat: Ration            |       |     2 ||     2
Armor: Leather armour    |     5 |       ||     5
       Ring mail         |    10 |    17 ||    27
       Skin              |     9 |       ||     9
Dodge: Dodged            |    48 |    43 ||    91
